 Dungeon Crawl Stone Soup version 0.20.1-1-g8b1a95d (webtiles) character file.

141500 homeworkjunkie the Severer (level 17, -1/136 HPs)
             Began as a Hill Orc Fighter on Nov 12, 2017.
             Was a Priest of Okawaru.
             Slain by a four-headed hydra (2 damage)
             ... on level 4 of the Lair of Beasts.
             The game lasted 00:43:48 (19371 turns).

homeworkjunkie the Severer (Hill Orc Fighter)      Turns: 19371, Time: 00:43:50

Health: -1/136     AC: 18    Str: 23    XL:     17   Next: 33%
Magic:  26/26      EV:  2    Int:  8    God:    Okawaru [***...]
Gold:   88         SH:  0    Dex: 20    Spells: 19/19 levels left

rFire    . . .     SeeInvis .   C - +1 short sword (flame)
rCold    . . .     Gourm    .   E - +2 shield
rNeg     + + +     Faith    .   S - +3 scale mail of Vifit {Slay+3}
rPois    ∞         Spirit   .   z - +2 hat
rElec    .         Reflect  +   r - +1 cloak {rPois}
rCorr    .         Harm     .   (no gloves)
MR       +....                  L - +0 pair of boots
Stlth    +.........             D - +6 amulet of reflection
Regen    0.4/turn               b - +5 ring of dexterity
MPRegen  0.2/turn               l - +2 ring of slaying

@: petrified
A: agile 1, frail 1, high mp 1
a: Heroism, Renounce Religion


You were on level 4 of the Lair of Beasts.
You worshipped Okawaru.
Okawaru was most pleased with you.
You were not hungry.

You visited 4 branches of the dungeon, and saw 21 of its levels.
You also visited: Labyrinth, Ossuary and Bailey.

You collected 2183 gold pieces.
You spent 2095 gold pieces at shops.

Inventory:

Hand Weapons
 a - a +4 war axe of chopping
 C - a +1 short sword of flaming (weapon)
Missiles
 x - 7 poisoned javelins
 A - 2 javelins
 U - 30 tomahawks (quivered)
 W - 4 javelins of penetration
Armour
 r - a +1 cloak of poison resistance (worn)
 z - a +2 hat (worn)
 E - a +2 shield (worn)
 H - a +0 cloak of invisibility
 L - a +0 pair of boots (worn)
 S - the +3 scale mail of Vifit (worn) {Slay+3}
   (You found it in a labyrinth)

   It affects your accuracy and damage with ranged weapons and melee attacks
   (+3).
Jewellery
 b - a +5 ring of dexterity (left hand)
 l - a +2 ring of slaying (right hand)
 q - an uncursed ring of see invisible
 D - a +6 amulet of reflection (around neck)
Wands
 c - a wand of acid (0/15)
 e - a wand of iceblast (4/15)
 y - a wand of iceblast (11/15)
 G - a wand of paralysis (0/24)
 R - a wand of iceblast (4/15)
 Z - a wand of digging (7/24)
Scrolls
 d - a scroll of immolation
 s - 2 scrolls of fog
 u - 6 scrolls of teleportation
 M - 2 scrolls of remove curse
Potions
 f - 6 potions of heal wounds
 h - a potion of agility
 j - 4 potions of brilliance
 k - 5 potions of flight
 m - 3 potions of cancellation
 n - a potion of berserk rage
 p - 8 potions of curing
 t - a potion of magic
 v - 2 potions of haste
 w - 3 potions of mutation
 N - a potion of invisibility
 V - a potion of resistance
Comestibles
 g - 3 meat rations
 i - a bread ration


   Skills:
 * Level 14.2 Fighting
 + Level 2.2 Short Blades
 * Level 18.2 Axes
 + Level 2.6 Throwing
 * Level 11.3 Armour
 + Level 4.2 Dodging
 + Level 3.2 Stealth
 * Level 12.4 Shields
 + Level 2.5 Unarmed Combat
 + Level 1.5 Spellcasting
   Level 1.7 Hexes
 + Level 3.5 Invocations
 * Level 9.0 Evocations


You had 19 spell levels left.
You didn't know any spells.

Dungeon Overview and Level Annotations

Branches:
Dungeon (14/15)            Temple (1/1) D:4            Lair (4/6) D:11
  Swamp (0/4) Lair:2       Spider (0/4) Lair:3          Orc (2/2) D:12
    Elf (0/3) Orc:2
 Vaults: D:13-14

Altars:
Ashenzari
Cheibriados
Dithmenos
Elyvilon
Fedhas
Gozag
Hepliaklqana
Kikubaaqudgha
Makhleb
Nemelex Xobeh
Okawaru
Qazlal
Ru
Sif Muna
Trog
Uskayaw
Vehumet
Xom
Yredelemnul
Zin
The Shining One
Beogh

Shops:
D:5 %   D:12 ?   Orc:1 *!%:   Orc:2 *[(=


Innate Abilities, Weirdness & Mutations

You are agile. (Dex +2)
You are frail. (-10% HP)
You have an increased reservoir of magic. (+10% MP)


Message History

The four-headed hydra bites you!
* * * LOW HITPOINT WARNING * * *
The four-headed hydra bites you but does no damage.
The four-headed hydra bites you!
* * * LOW HITPOINT WARNING * * *
The four-headed hydra bites you but does no damage.
The basilisk gazes at you.
You easily resist.
The four-headed hydra bites you!
* * * LOW HITPOINT WARNING * * *
The four-headed hydra bites you but does no damage.
The four-headed hydra bites you!
* * * LOW HITPOINT WARNING * * *
The four-headed hydra bites you!
* * * LOW HITPOINT WARNING * * *
The basilisk gazes at you.
You easily resist.
The four-headed hydra bites you but does no damage.
The four-headed hydra bites you.
You die...

## .# ##.. .# #######....
.## ######P#........ ..#
##......P..#..... ..###
##......P?........
...P###.................
.................l......
........P.......@D........
..................#.......
..##......................
###.##....................
.### ##...................
## ##.................. P#
#.................. .#
.........#.<....... ..
.......###.........


You could see a four-headed hydra and a basilisk.

Vanquished Creatures
  Gastronok (D:8)
  The ghost of Zogzag the Earth Mage, a journeyman HuEE of Okawaru (Orc:2)
  2 orc warlords
  A stone giant (D:12)
  The ghost of Lovchig the Cleaver, a journeyman DDFi of the Shining One (D:12)
  A minotaur (Lab)
  Erolcha (D:11)
  2 hydras
  A death knight (D:12)
  8 two-headed ogres
  Urug (D:12)
  An orc high priest (Orc:2)
  3 unseen horrors
  6 orc knights
  4 orc sorcerers (Orc:2)
  2 manticores (D:11)
  2 ugly things
  2 cyclopes
  Joseph (D:8)
  The ghost of Regeox the Chopper, a novice HOFi (D:5)
  4 spiny frogs
  3 centaur skeletons
  2 gargoyles
  2 rime drakes
  4 komodo dragons
  4 trolls
  Prince Ribbit (D:6)
  5 blink frogs (Lair:4)
  5 hippogriffs
  A shadow (D:12)
  Grum (D:8)
  A wyvern (D:10)
  17 yaks
  A steam dragon (D:8)
  3 hungry ghosts
  8 vampire mosquitoes (Lair:2)
  Edmund (D:6)
  A warg (Orc:1)
  5 water moccasins
  A soldier ant (D:10)
  2 insubstantial wisps (D:8)
  5 porcupines
  4 black bears
  A necrophage (D:9)
  15 wolves
  43 orc warriors
  4 sky beasts
  2 phantoms
  6 centaurs
  12 ogres
  The ghost of broninjaking the Chopper, an amateur DsGl (Ossuary)
  4 crocodiles
  13 bullfrogs
  A gnoll sergeant (D:9)
  11 scorpions
  A wyvern skeleton (D:12)
  11 killer bees (D:10)
  9 wights
  3 howler monkeys
  8 crimson imps
  7 centaur zombies
  3 jellies
  A quasit (D:8)
  2 bullfrog zombies
  20 orc priests
  2 bullfrog skeletons
  8 hounds
  5 iguanas
  25 orc wizards
  10 worker ants
  A big kobold zombie (Ossuary)
  5 hound skeletons
  A hound zombie (D:11)
  2 mummies (Ossuary)
  2 worker ant zombies
  12 gnolls
  11 adders
  A shadow imp (D:9)
  An ooze (D:6)
  An adder skeleton (D:4)
  2 adder zombies (Ossuary)
  8 worms
  2 dart slugs
  5 leopard geckos
  108 orcs
  4 giant cockroaches
  35 goblins
  22 hobgoblins
  9 jackals
  7 kobolds
  6 quokkas
  5 ball pythons
  5 bats
  5 frilled lizards
  2 goblin zombies (Ossuary)
  4 hobgoblin zombies (Ossuary)
  2 jackal zombies (Ossuary)
  9 kobold zombies (Ossuary)
  12 orc zombies (Ossuary)
  A quokka skeleton (D:9)
  3 rats
  A rat zombie (Ossuary)
  5 fungi
650 creatures vanquished.

Vanquished Creatures (others)
  An orc (D:8)
  23 plants (D:11)
24 creatures vanquished.

Grand Total: 674 creatures vanquished

Notes
Turn   | Place    | Note
-------+----------+-------------------------------------------
     0 | D:1      | homeworkjunkie the Hill Orc Fighter began the quest for the Orb.
     0 | D:1      | Reached XP level 1. HP: 19/19 MP: 1/1
    31 | D:1      | Reached skill level 3 in Axes
    64 | D:1      | Reached XP level 2. HP: 27/27 MP: 2/2
   329 | D:3      | Reached XP level 3. HP: 22/33 MP: 3/3
   512 | D:4      | Noticed an ogre
   524 | D:4      | Killed an ogre
   524 | D:4      | Reached skill level 4 in Axes
   524 | D:4      | Reached XP level 4. HP: 9/40 MP: 4/4
   577 | D:4      | Found a shimmering altar of Xom.
   592 | D:4      | Reached XP level 5. HP: 16/46 MP: 5/5
   611 | D:4      | Reached skill level 5 in Axes
   639 | D:4      | Reached XP level 6. HP: 5/52 MP: 6/6
   697 | D:4      | Found a sand-covered staircase.
   701 | Ossuary  | Entered an ossuary
   708 | Ossuary  | Noticed broninjaking's ghost (amateur DsGl)
   722 | Ossuary  | Killed broninjaking's ghost
   722 | Ossuary  | Reached skill level 6 in Axes
   802 | Ossuary  | Reached skill level 5 in Shields
   834 | Ossuary  | Reached XP level 7. HP: 40/60 MP: 7/7
   855 | Ossuary  | Reached skill level 7 in Axes
  1132 | D:5      | Entered Level 5 of the Dungeon
  1728 | D:2      | Found a snail-covered altar of Cheibriados.
  2326 | D:3      | Found a radiant altar of Vehumet.
  2662 | D:4      | Found a staircase to the Ecumenical Temple.
  2669 | Temple   | Entered the Ecumenical Temple
  2784 | D:5      | Reached skill level 8 in Axes
  2920 | D:4      | Reached skill level 5 in Fighting
  3014 | D:5      | Found a glowing silver altar of Zin.
  3058 | D:5      | Found Sokhuh's Food Emporium.
  3067 | D:5      | Bought a bread ration for 60 gold pieces
  3067 | D:5      | Bought a meat ration for 60 gold pieces
  3267 | D:5      | Noticed Regeox's ghost (novice HOFi)
  3282 | D:5      | Killed Regeox's ghost
  3282 | D:5      | Reached skill level 9 in Axes
  3282 | D:5      | Reached skill level 5 in Armour
  3282 | D:5      | Reached XP level 8. HP: 52/69 MP: 8/8
  3496 | D:6      | Noticed Prince Ribbit
  3504 | D:6      | Killed Prince Ribbit
  3504 | D:6      | Reached skill level 10 in Axes
  3504 | D:6      | Reached skill level 1 in Evocations
  3510 | D:6      | Found a shattered altar of Ashenzari.
  3593 | D:6      | Reached skill level 1 in Dodging
  3593 | D:6      | Reached XP level 9. HP: 70/75 MP: 10/10
  3620 | D:6      | Found a shadowy altar of Dithmenos.
  3723 | D:6      | Noticed Edmund
  3735 | D:6      | Killed Edmund
  4022 | D:7      | Reached skill level 11 in Axes
  4079 | D:7      | Found a shimmering altar of Xom.
  4258 | D:7      | Found a basalt altar of Yredelemnul.
  4278 | D:7      | Found a sparkling altar of Nemelex Xobeh.
  4278 | D:7      | Found an iron altar of Okawaru.
  4282 | D:7      | Found a stormy altar of Qazlal.
  4286 | D:7      | Became a worshipper of Warmaster Okawaru
  4419 | D:8      | Noticed Grum
  4423 | D:8      | Killed Grum
  5051 | D:8      | Noticed Joseph
  5080 | D:8      | Killed Joseph
  5080 | D:8      | Reached * piety under Okawaru
  5080 | D:8      | Reached skill level 12 in Axes
  5080 | D:8      | Reached XP level 10. HP: 28/86 MP: 12/12
  5445 | D:8      | Found a hide-covered altar of Uskayaw.
  5565 | D:8      | Noticed Gastronok
  5581 | D:8      | Killed Gastronok
  5581 | D:8      | Reached ** piety under Okawaru
  5581 | D:8      | Reached skill level 13 in Axes
  5804 | D:8      | Noticed a two-headed ogre
  5813 | D:8      | Killed a two-headed ogre
  5813 | D:8      | Reached *** piety under Okawaru
  6134 | D:8      | Reached **** piety under Okawaru
  6134 | D:8      | Reached XP level 11. HP: 29/95 MP: 14/14
  6892 | D:8      | Noticed a two-headed ogre
  6902 | D:8      | Killed a two-headed ogre
  6911 | D:8      | Found a burning altar of Makhleb.
  7089 | D:8      | Reached skill level 14 in Axes
  7612 | D:10     | Entered Level 10 of the Dungeon
  7770 | D:11     | Found a frozen archway.
  7779 | D:11     | Noticed a two-headed ogre
  7800 | D:10     | Reached skill level 5 in Evocations
  8183 | D:9      | Reached ***** piety under Okawaru
  8211 | D:9      | Found a burning altar of Makhleb.
  8211 | D:9      | Noticed a two-headed ogre
  8220 | D:9      | Killed a two-headed ogre
  8780 | D:11     | Noticed a two-headed ogre
  8784 | D:11     | Killed a two-headed ogre
  8784 | D:11     | Received a gift from Okawaru
  8787 | D:11     | Reached skill level 10 in Fighting
  8803 | D:11     | Noticed a manticore
  8808 | D:11     | Noticed a manticore
  8816 | D:11     | Killed a manticore
  8820 | D:11     | Killed a manticore
  8820 | D:11     | Reached skill level 15 in Axes
  9445 | D:10     | Reached XP level 12. HP: 94/106 MP: 16/16
 10096 | D:11     | Noticed a two-headed ogre
 10107 | D:11     | Killed a two-headed ogre
 10198 | D:11     | Killed a two-headed ogre
 10274 | D:11     | Noticed Erolcha
 10276 | D:11     | Noticed a two-headed ogre
 10291 | D:11     | Killed Erolcha
 10291 | D:11     | Received a gift from Okawaru
 10294 | D:11     | Killed a two-headed ogre
 10785 | D:13     | Noticed a two-headed ogre
 10861 | D:11     | Reached skill level 16 in Axes
 10869 | D:11     | Found a staircase to the Lair.
 10926 | Lair:1   | Entered Level 1 of the Lair of Beasts
 11052 | Lair:2   | Found a labyrinth entrance.
 11074 | Lab      | Entered a labyrinth
 11081 | Lab      | Gained mutation: You have an increased reservoir of magic. (+10% MP) [potion of mutation]
 11081 | Lab      | Gained mutation: You are agile. (Dex +2) [potion of mutation]
 11178 | Lab      | Noticed a minotaur
 11190 | Lab      | Killed a minotaur
 11193 | Lab      | Got a brightly glowing flail {holy}
 11210 | Lab      | Got a dazzling falchion
 11210 | Lab      | Got a jewelled scale mail
 11213 | Lab      | Identified the +6 flail of Unpleasantness {holy, +Inv Dex+4} (You took it off a minotaur in a labyrinth)
 11214 | Lab      | Identified the +3 falchion of Xamnenk {antimagic, rF+ Str+3} (You found it in a labyrinth)
 11223 | Lair:2   | Reached skill level 10 in Shields
 11400 | Lair:1   | Noticed a seven-headed hydra
 11424 | Lair:1   | Killed a 19-headed hydra
 11424 | Lair:1   | Reached skill level 1 in Stealth
 11424 | Lair:1   | Reached XP level 13. HP: 92/117 MP: 19/19
 12036 | Lair:1   | Identified the +3 scale mail of Vifit {Slay+3} (You found it in a labyrinth)
 12102 | Lair:3   | Found a hole to the Spider Nest.
 12112 | Lair:3   | Received a gift from Okawaru
 12555 | Lair:3   | Found a blossoming altar of Fedhas.
 12915 | Lair:2   | Found a staircase to the Swamp.
 13896 | D:13     | Reached ****** piety under Okawaru
 13921 | D:12     | Noticed a stone giant
 13931 | D:12     | Killed a stone giant
 13931 | D:12     | Received a gift from Okawaru
 14317 | D:12     | Reached skill level 10 in Armour
 14356 | D:12     | Noticed Lovchig's ghost (journeyman DDFi)
 14357 | D:12     | Noticed Urug
 14388 | D:12     | Killed Lovchig's ghost
 14403 | D:12     | Killed Urug
 14403 | D:12     | Reached skill level 17 in Axes
 14875 | D:12     | Found a staircase to the Orcish Mines.
 15006 | D:12     | Found Ynan's Magic Scroll Shop.
 15014 | D:12     | Bought a scroll of identify for 28 gold pieces
 15014 | D:12     | Bought a scroll of brand weapon for 280 gold pieces
 15595 | Orc:1    | Entered Level 1 of the Orcish Mines
 15617 | Orc:1    | Found Weath's Distillery.
 15625 | Orc:1    | Bought a potion of mutation for 80 gold pieces
 15625 | Orc:1    | Bought 2 potions of heal wounds for 100 gold pieces
 15625 | Orc:1    | Bought a potion of experience for 500 gold pieces
 15625 | Orc:1    | Reached skill level 1 in Short Blades
 15625 | Orc:1    | Reached skill level 1 in Throwing
 15625 | Orc:1    | Reached skill level 1 in Unarmed Combat
 15625 | Orc:1    | Reached skill level 1 in Hexes
 15625 | Orc:1    | Reached skill level 1 in Invocations
 15625 | Orc:1    | Reached XP level 14. HP: 97/129 MP: 21/21
 15638 | Orc:1    | Found a roughly hewn altar of Beogh.
 15642 | Orc:1    | Found Jeasip's Assorted Antiques.
 15651 | Orc:1    | Found a flagged portal.
 15662 | Bailey   | Entered a bailey
 16149 | Bailey   | Noticed an orc warlord
 16166 | Bailey   | Killed an orc warlord
 16166 | Bailey   | Reached XP level 15. HP: 136/136 MP: 18/23
 16226 | Bailey   | Reached skill level 1 in Spellcasting
 16226 | Bailey   | Reached XP level 16. HP: 144/144 MP: 24/24
 16227 | Bailey   | Reached XP level 17. HP: 151/151 MP: 25/25
 16722 | Orc:1    | Found Mutip's Book Shop.
 16727 | Orc:2    | Entered Level 2 of the Orcish Mines
 16821 | Orc:1    | Found Liunam's Food Boutique.
 16830 | Orc:1    | Bought a bread ration for 65 gold pieces
 16830 | Orc:1    | Bought a bread ration for 65 gold pieces
 17274 | Orc:2    | Noticed Zogzag's ghost (journeyman HuEE)
 17324 | Orc:2    | Killed Zogzag's ghost
 17627 | Orc:2    | Reached skill level 18 in Axes
 18124 | Orc:2    | Found a roughly hewn altar of Beogh.
 18141 | Orc:2    | Found Ysug's Jewellery Shoppe.
 18169 | Orc:2    | Found Femoteur's General Store.
 18177 | Orc:2    | Found Onoi's Antique Armour Shoppe.
 18223 | Orc:2    | Bought a +2 amulet of reflection for 97 gold pieces
 18275 | Orc:2    | Found a staircase to the Elven Halls.
 18293 | Orc:2    | Gained mutation: You are frail. (-10% HP) [a neqoxec]
 18426 | Orc:2    | Found Awkag's Antique Weapon Shoppe.
 18708 | Orc:2    | Bought a +6 amulet of reflection for 760 gold pieces
 19370 | Lair:4   | HP: 6/136 [four-headed hydra (3)]
 19370 | Lair:4   | HP: 1/136 [four-headed hydra (5)]
 19371 | Lair:4   | Slain by a four-headed hydra

Skill      XL: |  1  2  3  4  5  6  7  8  9 10 11 12 13 14 15 16 17 |
---------------+----------------------------------------------------+-----
Axes           | 3 4 5 6 9 10 12 13 15 16 17 18 | 18.2
Shields        | 4 5 6 7 8 10 11 12 | 12.4
Fighting       | 4 5 6 7 8 10 11 13 14 | 14.2
Armour         | 4 5 6 7 8 9 10 11 | 11.3
Evocations     | 1 3 4 5 6 7 8 9 |  9.0
Dodging        | 1 3 4 |  4.2
Stealth        | 1 2 3 |  3.2
Short Blades   | 1 2 |  2.2
Throwing       | 1 2 |  2.6
Unarmed Combat | 1 2 |  2.5
Hexes          | 1 |  1.7
Invocations    | 1 2 3 |  3.5
Spellcasting   | 1 |  1.5

Action                   |  1- 3 |  4- 6 |  7- 9 | 10-12 | 13-15 | 16-18 || total
-------------------------+-------+-------+-------+-------+-------+-------++-------
Melee: War axe           |    72 |    95 |   385 |   554 |   459 |   262 ||  1827
       Short sword       |       |       |       |       |       |     9 ||     9
Throw: Tomahawk          |       |       |       |       |    10 |    39 ||    49
       Javelin           |       |       |       |       |       |     1 ||     1
Invok: Heroism           |       |       |       |     2 |     4 |     1 ||     7
       Finesse           |       |       |       |       |     2 |     1 ||     3
 Abil: Evoke Invisibilit |       |       |       |     1 |       |       ||     1
Evoke: Wand              |       |       |     1 |     7 |    18 |     5 ||    31
  Use: Scroll            |     2 |     1 |    17 |     7 |    16 |     2 ||    45
       Potion            |       |     4 |     3 |     3 |     9 |     1 ||    20
 Stab: Invisible         |       |       |       |     4 |     5 |       ||     9
       Paralysed         |       |       |       |    13 |       |       ||    13
       Distracted        |       |       |       |       |     1 |       ||     1
  Eat: Royal jelly       |       |       |     2 |     1 |     2 |       ||     5
       Fruit             |       |       |     2 |       |       |       ||     2
       Bread ration      |       |       |     1 |     6 |     1 |     1 ||     9
       Meat ration       |       |       |     1 |       |     3 |       ||     4
Armor: Scale mail        |    34 |       |       |       |    69 |    99 ||   202
       Chain mail        |       |    32 |   157 |    30 |       |       ||   219
       Skin              |       |     5 |       |       |       |       ||     5
       Plate armour      |       |       |       |   207 |     2 |       ||   209
Dodge: Dodged            |    17 |    16 |    64 |    91 |    87 |    61 ||   336
Block: Shield            |    45 |    47 |   182 |   335 |   228 |   130 ||   967
